 Dungeon Crawl Stone Soup version 0.26.1-11-gd32895ea62 (webtiles) character file.

Game seed: 2591811740952507959

88 Zeld the Sneak (level 4, 0/29 HPs)
             Began as an Octopode Brigand on May 13, 2021.
             Blown up by Ijyb (2 damage)
             ... with a disintegration bolt
             ... on level 3 of the Dungeon.
             The game lasted 00:02:15 (2297 turns).

Zeld the Sneak (Octopode Brigand)                   Turns: 2297, Time: 00:02:16

Health: 0/29       AC:  1    Str: 11    XL:     4   Next: 54%
Magic:  4/4        EV: 13    Int: 13    God:
Gold:   74         SH:  0    Dex: 13    Spells: 3/3 levels left

rFire    . . .     SeeInvis .   a - +2 dagger
rCold    . . .     Faith    .   (no shield)
rNeg     . . .     Spirit   .   (helmet restricted)
rPois    .         Reflect  .   (no amulet)
rElec    .         Harm     .   (no ring)
rCorr    .         Rampage  .   (no ring)
Will     .....                  (no ring)
Stlth    ++++......             (no ring)
HPRegen  0.09/turn              (no ring)
MPRegen  0.09/turn              (no ring)
                                (no ring)
                                (no ring)

@: brilliant
A: almost no armour, stealthy swim, amphibious, 8 rings, constrict 8, camouflage
1, gelatinous body 1
a: no special abilities


You were on level 3 of the Dungeon.
You visited 1 branch of the dungeon, and saw 3 of its levels.

You collected 74 gold pieces.

Inventory:

Hand Weapons
 a - a +2 dagger (weapon)
Missiles
 b - 4 poisoned darts (quivered)
 c - 2 curare-tipped darts
Armour
 g - a +0 buckler
Scrolls
 i - 2 scrolls of teleportation {unknown}
 j - a scroll of enchant armour {unknown}
 m - a scroll of fear {unknown}
 n - a scroll of enchant weapon {unknown}
 o - a scroll of remove curse {unknown}
Potions
 d - a potion of magic {unknown}
 e - a potion of cancellation {unknown}
 f - a potion of degeneration {unknown}
 h - a potion of brilliance
 k - a potion of haste {unknown}
 l - a potion of curing {unknown}


   Skills:
 - Level 2.0 Fighting
 - Level 2.0 Short Blades
 * Level 4.6 Throwing
 - Level 1.0 Dodging
 - Level 5.3 Stealth


You had 3 spell levels left.
You didn't know any spells.
Your spell library was empty.

Dungeon Overview and Level Annotations

Branches:
Dungeon (3/15)

Altars:

Annotations:
D:3 Ijyb, Robin


Innate Abilities, Weirdness & Mutations

You cannot wear most types of armour.
You are very stealthy in the water. (Stealth+)
You are amphibious.
You can wear up to eight rings at the same time.
You can use your tentacles to constrict eight enemies at once.
Your skin changes colour to match your surroundings (Stealth+).
Your rubbery body absorbs attacks. (AC +1, EV +1)


Message History

Press: ? - help, Q - select action, (/) - cycle Shift-Dir - straight line, f/p - Ijyb
Aim: Ijyb, wearing a +0 leather armour and carrying a wand of disintegration (8) (lightly wounded, very poisoned, 53% to hit)
You throw a poisoned dart. The poisoned dart barely misses Ijyb.
Unknown command.
Throw: 5 darts (poison)
Press: ? - help, Q - select action, (/) - cycle Shift-Dir - straight line, f/p - Ijyb
Aim: Ijyb, wearing a +0 leather armour and carrying a wand of disintegration (8) (moderately wounded, very poisoned, 53% to hit)
You throw a poisoned dart. The poisoned dart hits Ijyb.
Ijyb looks even sicker.
Ijyb is moderately wounded.
Ijyb zaps a wand.
You are blasted!
Ouch! That really hurt!
* * * LOW HITPOINT WARNING * * *
A hobgoblin comes into view. It is wielding a +0 club.
It was a potion of brilliance.
You feel clever all of a sudden.
Press: ? - help, v - describe, . - travel
Here: Ijyb, wearing a +0 leather armour and carrying a wand of disintegration (7) (heavily wounded, very poisoned)
The floor.
Ijyb zaps a wand.
You are blasted!
You die...

#.# #. #.# #. #
#.# #. .. #.# #.
... #.# #. ....
#.# ######.
g.... #.#
.......
...>..########.#
#######
...(.(g@.......#
#
###.#.##########
#


You could see Ijyb (very poisoned) and a hobgoblin (wandering).

Vanquished Creatures
  Terence (D:2)
  An adder (D:2)
  3 worms
  2 dart slugs (D:1)
  2 leopard geckos
  2 giant cockroaches (D:1)
  6 goblins (D:1)
  2 hobgoblins
  3 jackals (D:1)
  7 kobolds
  A ball python (D:1)
  2 bats
  3 frilled lizards
  8 rats
43 creatures vanquished.

Notes
Turn   | Place    | Note
-------+----------+-------------------------------------------
     0 | D:1      | Zeld the Octopode Brigand began the quest for the Orb.
     0 | D:1      | Reached XP level 1. HP: 14/14 MP: 1/1
   124 | D:1      | Reached XP level 2. HP: 9/19 MP: 2/2
   669 | D:1      | Reached XP level 3. HP: 18/24 MP: 3/3
  1251 | D:2      | Noticed Terence
  1264 | D:2      | Killed Terence
  1265 | D:2      | Reached XP level 4. HP: 27/29 MP: 4/4
  2110 | D:3      | Noticed Robin
  2289 | D:3      | Noticed Ijyb
  2297 | D:3      | Blown up by Ijyb

Illustrated notes

Levels and vault maps discovered:
D:1:      tarquinn_simple_flora_water_b, layout_basic, minmay_misc_feat_hallway
D:2:      layout_basic, feat_on_display, uniq_terence
D:3:      layout_basic, nzn_wu_jian_council_hall, uniq_robin, uniq_jessica,
          uniq_ijyb

Skill      XL: |  1  2  3 |
---------------+----------+-----
Throwing       | 3 4 |  4.6
Fighting       | |  2.0
Short Blades   | |  2.0
Dodging        | |  1.0
Stealth        | |  5.3

Action                   |  1- 3 |  4- 6 || total
-------------------------+-------+-------++-------
Melee: Dagger            |    73 |    15 ||    88
       Constrict         |    21 |     4 ||    25
       Tentacles         |     9 |     3 ||    12
Throw: Dart              |     5 |     4 ||     9
  Use: Potion            |       |     1 ||     1
 Stab: Sleeping          |     4 |     4 ||     8
Armor: Skin              |     9 |       ||     9
Dodge: Dodged            |    41 |     5 ||    46
